[Event "69th RUS-ch Women Higher League 2019"]
[Site "Yaroslavl"]
[Date "2019.07.04"]
[Round "7.14"]
[White "Voit, Daria"]
[Black "Mukhina, Jana"]
[Result "1-0"]
[ECO "E73"]
[WhiteElo "2339"]
[BlackElo "2090"]
[Annotator "NA"]
[PlyCount "126"]
[EventDate "2019.06.27"]
[EventType "swiss"]
[EventCountry "RUS"]
[SourceTitle "playchess.com"]
[Source "ChessBase"]
[SourceQuality "1"]
[TimeControl "40/5400+30:1800+30"]

1. d4 Nf6 2. c4 g6 3. Nc3 Bg7 4. e4 d6 5. Be2 O-O 6. Be3 Na6 7. Nf3 e5 8. O-O Nh5 9. Qd2 c6 10. Rfd1 Qe7 11. a3 Bg4 12. h3 Bc8 13. b4 Nc7 14. dxe5 dxe5 15. Bc5 Qf6 16. Bxf8 Bxf8 17. Qg5 Qxg5 18. Nxg5 Nf4 19. Bg4 f5 20. Be2 Be7 21. Nf3 a5 22. c5 Be6 23. Bf1 fxe4 24. Nxe4 Bd5 25. Nc3 Bxf3 26. gxf3 Ncd5 27. Nxd5 Nxd5 28. Bc4 Kg7 29. Bxd5 cxd5 30. Rac1 axb4 31. axb4 Bg5 32. Rc2 d4 33. b5 Rd8 34. c6 bxc6 35. Rxc6 d3 36. Kf1 d2 37. b6 Rd5 38. Ke2 Rb5 39. Ra1 Kh6 40. Rd6 Rb2 41. Rd7 Rxb6 42. Raa7 Kh5 43. Rxh7+ Bh6 44. Ra5 Kg5 45. h4+ Kf6 46. Raa7 Bf4 47. Rae7 g5 48. h5 g4 49. Rhf7+ Kg5 50. Rg7+ Kxh5 51. fxg4+ Kh4 52. Rd7 Rb1 53. Rxd2 Bxd2 54. Kxd2 Rb4 55. Ke3 Rf4 56. Rg8 Ra4 57. f3 Rf4 58. g5 Kh5 59. Re8 Kxg5 60. Rxe5+ Rf5 61. Ke4 Rxe5+ 62. Kxe5 Kg6 63. f4 Kg7 1-0

[Event "69th RUS-ch Women Higher League 2019"]
[Site "Yaroslavl"]
[Date "2019.07.04"]
[Round "7.15"]
[White "Dimitrova, Aleksandra"]
[Black "Diakonova, Ekaterina"]
[Result "1-0"]
[ECO "B12"]
[WhiteElo "2273"]
[BlackElo "2196"]
[Annotator "NA"]
[PlyCount "133"]
[EventDate "2019.06.27"]
[EventType "swiss"]
[EventCountry "RUS"]
[SourceTitle "playchess.com"]
[Source "ChessBase"]
[SourceQuality "1"]
[TimeControl "40/5400+30:1800+30"]

1. e4 c6 2. d4 d5 3. e5 Bf5 4. h4 h5 5. Bd3 Bxd3 6. Qxd3 Qa5+ 7. Nc3 e6 8. Bg5 Ne7 9. O-O-O Nd7 10. Kb1 a6 11. Nge2 c5 12. dxc5 Nxe5 13. Qg3 N5c6 14. Qf3 Qxc5 15. Rhe1 Ne5 16. Qg3 Ng4 17. Nd4 O-O-O 18. Qf3 e5 19. Qxf7 exd4 20. Na4 Qc6 21. Bxe7 Bxe7 22. Rxe7 Rhf8 23. Qxg7 Rxf2 24. Qxd4 Qxc2+ 25. Ka1 Kb8 26. a3 Ka8 27. Nc5 Rc8 28. Nxa6 Qc4 29. Nc7+ Kb8 30. Qxc4 dxc4 31. Nb5 Rf5 32. a4 Nf6 33. Rf7 Rf2 34. Rd6 c3 35. Nxc3 Ne4 36. Rxf2 Nxf2 37. Rd5 Rc4 38. Rxh5 Rg4 39. Rg5 Rxh4 40. Kb1 Nd3 41. Kc2 Nf4 42. Nb5 b6 43. g3 Rh2+ 44. Kc3 Ne2+ 45. Kc4 Nc1 46. Kc3 Ne2+ 47. Kc4 Nc1 48. Kd5 Rc2 49. Rg8+ Kb7 50. Nd6+ Ka7 51. Rg7+ Ka6 52. Nc4 Ne2 53. Rg6 Ka7 54. Rxb6 Nxg3 55. Rf6 Ne2 56. Kc5 Nc1 57. Rf7+ Ka6 58. Rf6+ Ka7 59. Rf3 Na2 60. Rf7+ Kb8 61. a5 Rh2 62. a6 Rh5+ 63. Kb6 Rh6+ 64. Ka5 Rh5+ 65. Ka4 Rh6 66. Rb7+ Kc8 67. Nb6+ 1-0

[Event "69th RUS-ch Women Higher League 2019"]
[Site "Yaroslavl"]
[Date "2019.07.04"]
[Round "7.17"]
[White "Nosacheva, Mariya"]
[Black "Yakushina, Ekaterina"]
[Result "1-0"]
[ECO "C15"]
[WhiteElo "2150"]
[BlackElo "1783"]
[Annotator "NA"]
[PlyCount "53"]
[EventDate "2019.06.27"]
[EventType "swiss"]
[EventCountry "RUS"]
[SourceTitle "playchess.com"]
[Source "ChessBase"]
[SourceQuality "1"]
[TimeControl "40/5400+30:1800+30"]

1. e4 e6 2. d4 d5 3. Nc3 Bb4 4. exd5 exd5 5. Bd3 Nc6 6. a3 Ba5 7. Be3 Nf6 8. h3 O-O 9. Nge2 Ne7 10. Ng3 c6 11. O-O Bc7 12. Bg5 Ng6 13. Qf3 Qd6 14. Bxf6 gxf6 15. Nce2 b6 16. Rfe1 Bb7 17. Nh5 Qh2+ 18. Kf1 Qh1+ 19. Ng1 Bh2 20. Ke2 Rfe8+ 21. Kd2 Rxe1 22. Rxe1 Nh4 23. Qg4+ Ng6 24. Ne2 Bf4+ 25. Nexf4 Qh2 26. Nxg6 hxg6 27. Bxg6 1-0

[Event "69th RUS-ch Women Higher League 2019"]
[Site "Yaroslavl"]
[Date "2019.07.04"]
[Round "7.18"]
[White "Maltsevskaya, Aleksandra"]
[Black "Khokhlova, Daria"]
[Result "0-1"]
[ECO "B21"]
[WhiteElo "2316"]
[BlackElo "2234"]
[Annotator "NA"]
[PlyCount "92"]
[EventDate "2019.06.27"]
[EventType "swiss"]
[EventCountry "RUS"]
[SourceTitle "playchess.com"]
[Source "ChessBase"]
[SourceQuality "1"]
[TimeControl "40/5400+30:1800+30"]

1. e4 c5 2. d4 cxd4 3. c3 d3 4. Nf3 g6 5. Bxd3 Bg7 6. O-O Nc6 7. c4 d6 8. h3 Nf6 9. Nc3 O-O 10. Be3 Nd7 11. Rc1 Nc5 12. Bb1 Be6 13. b3 a5 14. Nd5 a4 15. b4 Bxd5 16. cxd5 Nxb4 17. Bxc5 dxc5 18. Rxc5 Qd7 19. Qe2 Na6 20. Rb5 Rfc8 21. Rd1 a3 22. e5 Nc5 23. Bc2 Na4 24. Bxa4 Rxa4 25. e6 fxe6 26. dxe6 Qc6 27. Rbd5 Bf6 28. Qe3 Kg7 29. h4 Qc3 30. Qb6 Qb2 31. Qe3 Rc3 32. Qe1 Qxa2 33. h5 Rxf3 34. gxf3 Qc4 35. Qe3 Qf4 36. Qxf4 Rxf4 37. Ra5 Rxf3 38. Kg2 Rb3 39. Rh1 gxh5 40. Rhxh5 b5 41. Ra8 b4 42. Rb5 Rb2 43. Kf3 a2 44. Rbb8 Rb3+ 45. Kg4 Ra3 46. Kh5 Rxa8 0-1

[Event "69th RUS-ch Women Higher League 2019"]
[Site "Yaroslavl"]
[Date "2019.07.04"]
[Round "7.19"]
[White "Ovod, Evgenija"]
[Black "Mokshanova, Elizaveta"]
[Result "1-0"]
[ECO "B44"]
[WhiteElo "2361"]
[BlackElo "2020"]
[Annotator "NA"]
[PlyCount "101"]
[EventDate "2019.06.27"]
[EventType "swiss"]
[EventCountry "RUS"]
[SourceTitle "playchess.com"]
[Source "ChessBase"]
[SourceQuality "1"]
[TimeControl "40/5400+30:1800+30"]

1. e4 c5 2. Nf3 e6 3. d4 cxd4 4. Nxd4 Nc6 5. Nb5 d6 6. c4 Nf6 7. N1c3 a6 8. Na3 Be7 9. Be2 O-O 10. O-O b6 11. Be3 Bb7 12. Qb3 Nd7 13. Rfd1 Rb8 14. f4 Qc7 15. Rac1 Nc5 16. Qc2 Bf6 17. Nab1 Nb4 18. Qd2 Rfd8 19. Qe1 a5 20. a3 Nc6 21. Bf3 Nb3 22. Nb5 Qe7 23. Rc2 Ba8 24. Qf2 Nc5 25. Rcd2 e5 26. N1c3 Nd4 27. Bxd4 exd4 28. Nd5 Bxd5 29. exd5 d3 30. Re1 Qd7 31. b4 axb4 32. axb4 Na6 33. Rxd3 Nxb4 34. Ra3 Qc8 35. Qe2 g6 36. g3 Qc5+ 37. Kg2 Ra8 38. Rxa8 Rxa8 39. Kh3 Kg7 40. Rd1 h5 41. Rd2 Kf8 42. Qe1 Ra1 43. Qe4 Ra8 44. Re2 Na2 45. f5 Kg7 46. fxg6 fxg6 47. Qe6 Rd8 48. Rxa2 Qxc4 49. Ra7+ Kh6 50. Qxf6 Qf1+ 51. Kh4 1-0

[Event "69th RUS-ch Women Higher League 2019"]
[Site "Yaroslavl"]
[Date "2019.07.04"]
[Round "7.20"]
[White "Matveeva, Olga"]
[Black "Afonasieva, Anna"]
[Result "1/2-1/2"]
[ECO "A16"]
[WhiteElo "2189"]
[BlackElo "2303"]
[Annotator "NA"]
[PlyCount "106"]
[EventDate "2019.06.27"]
[EventType "swiss"]
[EventCountry "RUS"]
[SourceTitle "playchess.com"]
[Source "ChessBase"]
[SourceQuality "1"]
[TimeControl "40/5400+30:1800+30"]

1. c4 Nf6 2. Nc3 d5 3. cxd5 Nxd5 4. g3 g6 5. Bg2 Nb6 6. Nf3 Bg7 7. O-O c5 8. d3 O-O 9. Be3 Na6 10. Nd2 Rb8 11. a4 e6 12. Qb3 e5 13. a5 Be6 14. Qa3 Nd7 15. Nde4 Qe7 16. Rfc1 f5 17. Ng5 Kh8 18. Nxe6 Qxe6 19. Nb5 f4 20. Bd2 Nf6 21. Nc3 Qf5 22. Ne4 fxg3 23. Nxg3 Qe6 24. Qa2 Qd6 25. Qc4 Qd7 26. Bc3 Ng4 27. Rf1 Rf4 28. Qd5 Qe7 29. h3 Nc7 30. Qb3 Nf6 31. Bd2 Rh4 32. Ra4 Rxa4 33. Qxa4 b5 34. axb6 axb6 35. Qa7 Qd8 36. Bg5 Nb5 37. Qf7 Nd6 38. Qe6 Qf8 39. Ra1 c4 40. h4 Re8 41. Qh3 cxd3 42. exd3 e4 43. dxe4 Nfxe4 44. Nxe4 Nxe4 45. Be3 Qf5 46. Qxf5 gxf5 47. Bxe4 fxe4 48. Bxb6 Bxb2 49. Ra7 Bf6 50. h5 Kg8 51. Kg2 Re5 52. Ra5 Re6 53. Be3 Re5 1/2-1/2

[Event "69th RUS-ch Women Higher League 2019"]
[Site "Yaroslavl"]
[Date "2019.07.04"]
[Round "7.21"]
[White "Markelova, Lubov"]
[Black "Schepetkova, Margarita"]
[Result "1-0"]
[ECO "D11"]
[WhiteElo "2186"]
[BlackElo "2241"]
[Annotator "NA"]
[PlyCount "99"]
[EventDate "2019.06.27"]
[EventType "swiss"]
[EventCountry "RUS"]
[SourceTitle "playchess.com"]
[Source "ChessBase"]
[SourceQuality "1"]
[TimeControl "40/5400+30:1800+30"]

1. Nf3 d5 2. d4 Nf6 3. c4 c6 4. e3 Bg4 5. h3 Bh5 6. g4 Bg6 7. Ne5 e6 8. Nxg6 hxg6 9. Bg2 Nbd7 10. Qd3 Bb4+ 11. Nd2 Qa5 12. a3 Qa6 13. b3 Nb6 14. axb4 Qxa1 15. O-O a5 16. c5 Nbd7 17. b5 a4 18. b4 a3 19. Qc2 a2 20. bxc6 bxc6 21. Bb2 Qxf1+ 22. Bxf1 a1=Q 23. Bxa1 Rxa1 24. g5 Nh7 25. f4 O-O 26. Nb3 Ra7 27. Na5 Nb8 28. Bd3 Rc8 29. Qe2 Nf8 30. h4 Re7 31. Bc2 Rcc7 32. Ba4 f6 33. Qa2 Kh7 34. gxf6 gxf6 35. Nxc6 Nxc6 36. Bxc6 Rxc6 37. Qa8 Rcc7 38. Qxf8 Ra7 39. Kf2 Rf7 40. Qd6 Ra2+ 41. Kf3 Rfa7 42. Qxe6 f5 43. h5 gxh5 44. Qxf5+ Kh8 45. Qxh5+ Kg7 46. Qxd5 Rh2 47. Qe5+ Kh7 48. c6 Rh3+ 49. Ke4 Rh6 50. c7 1-0

[Event "69th RUS-ch Women Higher League 2019"]
[Site "Yaroslavl"]
[Date "2019.07.04"]
[Round "7.22"]
[White "Faizutdinova, Diana"]
[Black "Utiatskaja, Irina"]
[Result "0-1"]
[ECO "A10"]
[WhiteElo "2061"]
[BlackElo "2192"]
[Annotator "NA"]
[PlyCount "90"]
[EventDate "2019.06.27"]
[EventType "swiss"]
[EventCountry "RUS"]
[SourceTitle "playchess.com"]
[Source "ChessBase"]
[SourceQuality "1"]
[TimeControl "40/5400+30:1800+30"]

1. c4 g6 2. Nc3 Bg7 3. g3 Nf6 4. Bg2 O-O 5. e3 e5 6. Nge2 d6 7. d3 Nc6 8. O-O Re8 9. h3 Be6 10. Nd5 Qd7 11. Kh2 Rad8 12. Qa4 a6 13. Bd2 Qc8 14. Bc3 Ne7 15. e4 Nexd5 16. cxd5 Bd7 17. Qb3 Qb8 18. Rac1 c6 19. Ba5 Rc8 20. Nc3 cxd5 21. exd5 Bh6 22. Rc2 b5 23. Ne4 Nxe4 24. dxe4 Rxc2 25. Qxc2 Rc8 26. Qb3 Rc4 27. Bb4 Qc7 28. Qa3 Bf8 29. f4 exf4 30. Rxf4 Rc2 31. Rf6 Qc8 32. g4 Bg7 33. Rf1 Bxb2 34. Qe3 Qc4 35. Bd2 Be5+ 36. Kh1 Be8 37. Rc1 Rxc1+ 38. Bxc1 Qxa2 39. Bd2 Qa1+ 40. Be1 b4 41. Bf1 Bc3 42. Bxc3 Qxf1+ 43. Kh2 bxc3 44. Qxc3 Qf4+ 45. Kg1 Qxe4 0-1

[Event "69th RUS-ch Women Higher League 2019"]
[Site "Yaroslavl"]
[Date "2019.07.04"]
[Round "7.23"]
[White "Loskutova, Viktoriya"]
[Black "Filippova, Darya"]
[Result "0-1"]
[ECO "B13"]
[WhiteElo "2019"]
[BlackElo "2174"]
[Annotator "NA"]
[PlyCount "140"]
[EventDate "2019.06.27"]
[EventType "swiss"]
[EventCountry "RUS"]
[SourceTitle "playchess.com"]
[Source "ChessBase"]
[SourceQuality "1"]
[TimeControl "40/5400+30:1800+30"]

1. e4 c6 2. d4 d5 3. exd5 cxd5 4. Bd3 Nc6 5. c3 Qc7 6. h3 Nf6 7. Na3 a6 8. Nc2 e6 9. Ne2 Bd6 10. O-O b5 11. Be3 O-O 12. Re1 Na5 13. Bg5 Ne4 14. Bh4 f5 15. f3 Nf6 16. Nc1 Nh5 17. Bf1 Qb6 18. Nd3 h6 19. Bf2 Ra7 20. Ne5 g5 21. b4 Nc4 22. a4 Nb2 23. a5 Qc7 24. Qd2 Nc4 25. Bxc4 bxc4 26. g3 Bd7 27. h4 Be8 28. hxg5 hxg5 29. Qxg5+ Qg7 30. Qxg7+ Rxg7 31. Kh2 Rf6 32. Rh1 Nxg3 33. Bxg3 f4 34. Bh4 Rh6 35. Ng4 Rxh4+ 36. Kg2 Rxh1 37. Kxh1 Kf8 38. Re1 Ke7 39. Rg1 Ba4 40. Rg2 Bb8 41. Na3 Bd1 42. Nh2 Rg3 43. b5 Rxg2 44. Kxg2 Kd7 45. bxa6 Ba4 46. Nf1 Kc6 47. Nd2 Bb5 48. Kf2 Bxa6 49. Ke1 e5 50. Nc2 Kb5 51. dxe5 Bxe5 52. Nb1 Kxa5 53. Nd4 Ka4 54. Kd2 Bc8 55. Kc1 Bh3 56. Nc6 Bd6 57. Kb2 Bg2 58. Nd2 Bc5 59. Kc2 Kb5 60. Ne5 Be3 61. Kd1 Kc5 62. Ke2 Bh3 63. Ng4 Bxg4 64. fxg4 Bxd2 65. Kxd2 d4 66. g5 dxc3+ 67. Kxc3 f3 68. g6 f2 69. g7 f1=Q 70. g8=Q Qc1# {[%emt 0:00:07] Kd4+} 0-1

[Event "69th RUS-ch Women Higher League 2019"]
[Site "Yaroslavl"]
[Date "2019.07.04"]
[Round "7.24"]
[White "Shaydullina, Sandugach"]
[Black "Dzutseva, Lana"]
[Result "1-0"]
[ECO "D35"]
[WhiteElo "2128"]
[BlackElo "1325"]
[Annotator "NA"]
[PlyCount "45"]
[EventDate "2019.06.27"]
[EventType "swiss"]
[EventCountry "RUS"]
[SourceTitle "playchess.com"]
[Source "ChessBase"]
[SourceQuality "1"]
[TimeControl "40/5400+30:1800+30"]

1. d4 d5 2. c4 e6 3. Nc3 Nf6 4. cxd5 exd5 5. Bg5 c6 6. e3 Bf5 7. Qf3 Bg6 8. Bxf6 gxf6 9. h4 h5 10. Qd1 Nd7 11. Bd3 Rg8 12. Nge2 f5 13. Ng3 Qf6 14. Qf3 f4 15. Bxg6 fxg3 16. Bf5 gxf2+ 17. Kxf2 Qd6 18. Bxd7+ Kxd7 19. Ne2 Qh6 20. Qf5+ Ke7 21. Nf4 Rh8 22. Rac1 Qf6 23. Nxd5+ 1-0

[Event "69th RUS-ch Women Higher League 2019"]
[Site "Yaroslavl"]
[Date "2019.07.05"]
[Round "8.1"]
[White "Tomilova, Elena"]
[Black "Garifullina, Leya"]
[Result "1/2-1/2"]
[ECO "A46"]
[WhiteElo "2289"]
[BlackElo "2246"]
[Annotator "NA"]
[PlyCount "78"]
[EventDate "2019.06.27"]
[EventType "swiss"]
[EventCountry "RUS"]
[SourceTitle "playchess.com"]
[Source "ChessBase"]
[SourceQuality "1"]
[TimeControl "40/5400+30:1800+30"]

1. d4 Nf6 2. Nf3 e6 3. Bf4 d5 4. e3 Bd6 5. Bg3 O-O 6. Nbd2 b6 7. c3 c5 8. Bd3 Ba6 9. Bxa6 Nxa6 10. Qe2 Nc7 11. Rd1 cxd4 12. exd4 Nce8 13. Bh4 Be7 14. Ne5 Rc8 15. O-O Nd6 16. Rfe1 b5 17. Nb3 Nc4 18. Nd3 Re8 19. f3 a5 20. Nbc5 b4 21. b3 Nd6 22. cxb4 axb4 23. Bf2 Qa5 24. Qd2 Nb5 25. Rc1 Rb8 26. Qxb4 Qxa2 27. Ra1 Qc2 28. Qa5 Bxc5 29. Nxc5 Nc3 30. Kf1 Nb5 31. Bg3 Nxd4 32. Bxb8 Rxb8 33. Qc7 Rf8 34. Rac1 Qg6 35. Qg3 Qh6 36. Qe5 Qh4 37. Qg3 Qh6 38. Qe5 Qh4 39. Qg3 Qh6 1/2-1/2

[Event "69th RUS-ch Women Higher League 2019"]
[Site "Yaroslavl"]
[Date "2019.07.05"]
[Round "8.2"]
[White "Bykova, Anastasia"]
[Black "Shafigullina, Zarina"]
[Result "0-1"]
[ECO "E06"]
[WhiteElo "2229"]
[BlackElo "2240"]
[Annotator "NA"]
[PlyCount "98"]
[EventDate "2019.06.27"]
[EventType "swiss"]
[EventCountry "RUS"]
[SourceTitle "playchess.com"]
[Source "ChessBase"]
[SourceQuality "1"]
[TimeControl "40/5400+30:1800+30"]

1. d4 Nf6 2. c4 e6 3. Nf3 Be7 4. g3 d5 5. Bg2 O-O 6. O-O dxc4 7. Qc2 a6 8. Qxc4 b5 9. Qc2 Bb7 10. Bf4 Nc6 11. Rd1 Nb4 12. Qc1 Nbd5 13. Nbd2 Nxf4 14. gxf4 Bd6 15. Ne5 Bxg2 16. Kxg2 Nh5 17. Ndf3 f6 18. Nd3 Qe8 19. Kh1 Qg6 20. Qc6 Nxf4 21. Nxf4 Bxf4 22. Qxe6+ Kh8 23. Rg1 Rae8 24. Qc6 Qf5 25. e3 Bd6 26. Rg2 Re4 27. Nd2 Rh4 28. Rc1 a5 29. a4 Qh5 30. Nf1 bxa4 31. Qxa4 Rb8 32. Qd7 g6 33. b3 Qf3 34. Qe6 Rh5 35. Kg1 Qf5 36. Qf7 Rf8 37. Qc4 Qb5 38. Nd2 Qxc4 39. Nxc4 Rb5 40. Kh1 Rfb8 41. Ra1 Bb4 42. h3 Bc3 43. Ra2 Rxb3 44. Rg1 Ra8 45. Rc1 a4 46. Kg2 a3 47. Kf1 Ra4 48. Ke2 Rxc4 49. Kd3 Rc6 0-1

[Event "69th RUS-ch Women Higher League 2019"]
[Site "Yaroslavl"]
[Date "2019.07.05"]
[Round "8.3"]
[White "Shuvalova, Polina"]
[Black "Charochkina, Daria"]
[Result "1/2-1/2"]
[ECO "B06"]
[WhiteElo "2418"]
[BlackElo "2338"]
[Annotator "NA"]
[PlyCount "100"]
[EventDate "2019.06.27"]
[EventType "swiss"]
[EventCountry "RUS"]
[SourceTitle "playchess.com"]
[Source "ChessBase"]
[SourceQuality "1"]
[TimeControl "40/5400+30:1800+30"]

1. e4 g6 2. d4 Bg7 3. Nc3 d6 4. Nf3 a6 5. Bd3 b5 6. O-O Bb7 7. e5 Nd7 8. exd6 cxd6 9. a4 b4 10. Ne4 d5 11. Neg5 h6 12. Nh3 a5 13. Qe2 Ngf6 14. Nf4 Qb6 15. c4 dxc4 16. Bxc4 g5 17. Re1 e6 18. Nd3 O-O 19. h4 g4 20. Nfe5 Qxd4 21. Nxd7 Nxd7 22. Bb5 Nf6 23. Be3 Qd5 24. Nf4 Qf5 25. Rac1 Rac8 26. Ba6 Bxa6 27. Qxa6 Rc2 28. Rxc2 Qxc2 29. Qxa5 Qxb2 30. Qb5 g3 31. Nd3 Qc3 32. Rc1 gxf2+ 33. Bxf2 Qd2 34. Rf1 Rd8 35. Nxb4 Ng4 36. Nc6 Rd7 37. Bc5 Kh7 38. Qc4 h5 39. a5 Rd3 40. Qe4+ f5 41. Qxe6 Rd5 42. Bb6 Qd3 43. Ne7 Bd4+ 44. Bxd4 Qxd4+ 45. Kh1 Nf2+ 46. Rxf2 Qxh4+ 47. Kg1 Rd1+ 48. Rf1 Qd4+ 49. Kh2 Qh4+ 50. Kg1 Qd4+ 1/2-1/2

[Event "69th RUS-ch Women Higher League 2019"]
[Site "Yaroslavl"]
[Date "2019.07.05"]
[Round "8.4"]
[White "Galliamova, Alisa"]
[Black "Solozhenkina, Elizaveta"]
[Result "1-0"]
[ECO "E06"]
[WhiteElo "2444"]
[BlackElo "2324"]
[Annotator "NA"]
[PlyCount "104"]
[EventDate "2019.06.27"]
[EventType "swiss"]
[EventCountry "RUS"]
[SourceTitle "playchess.com"]
[Source "ChessBase"]
[SourceQuality "1"]
[TimeControl "40/5400+30:1800+30"]

1. d4 Nf6 2. c4 e6 3. Nf3 d5 4. g3 Be7 5. Bg2 O-O 6. O-O dxc4 7. Qc2 b5 8. a4 b4 9. Nfd2 c6 10. Nxc4 Qxd4 11. Rd1 Qc5 12. Be3 Qh5 13. Nbd2 e5 14. Ne4 Ng4 15. h4 Nxe3 16. Nxe3 Be6 17. Bf3 Qg6 18. h5 Qh6 19. Nd6 Nd7 20. Qxc6 Rad8 21. Qc7 Bxd6 22. Rxd6 Rc8 23. Qxa7 Nf6 24. Qa5 e4 25. Bg2 b3 26. Rad1 g6 27. hxg6 hxg6 28. Qe5 Qg7 29. a5 Ra8 30. a6 Ra7 31. Qd4 Rfa8 32. Rd8+ Kh7 33. Rxa8 Rxa8 34. Ra1 Nd7 35. Qxg7+ Kxg7 36. Bxe4 Ra7 37. Ra5 Nb6 38. Bb7 Kf6 39. Kf1 Ke7 40. Ke1 Kd6 41. Kd2 Nd7 42. Bd5 Nc5 43. Bxe6 fxe6 44. Kc3 Nxa6 45. Nc4+ Kc6 46. f4 Ra8 47. g4 Ra7 48. g5 Ra8 49. Ra3 Ra7 50. Kxb3 Nc5+ 51. Kc3 Rh7 52. b4 Kd5 1-0

[Event "69th RUS-ch Women Higher League 2019"]
[Site "Yaroslavl"]
[Date "2019.07.05"]
[Round "8.5"]
[White "Bulatova, Kamaliya"]
[Black "Kovalevskaya, Ekaterina"]
[Result "1/2-1/2"]
[ECO "E40"]
[WhiteElo "2102"]
[BlackElo "2413"]
[Annotator "NA"]
[PlyCount "134"]
[EventDate "2019.06.27"]
[EventType "swiss"]
[EventCountry "RUS"]
[SourceTitle "playchess.com"]
[Source "ChessBase"]
[SourceQuality "1"]
[TimeControl "40/5400+30:1800+30"]

1. d4 Nf6 2. c4 e6 3. Nc3 Bb4 4. e3 Nc6 5. Bd3 e5 6. d5 e4 7. Be2 Bxc3+ 8. bxc3 Ne5 9. f4 exf3 10. Nxf3 Nxf3+ 11. gxf3 d6 12. Rg1 Nh5 13. Qd4 O-O 14. e4 Qh4+ 15. Qf2 Qxf2+ 16. Kxf2 g6 17. Bg5 Kg7 18. Be3 Kg8 19. Bg5 f6 20. Bh6 Re8 21. Bd3 Kf7 22. h4 Bd7 23. f4 b6 24. Rae1 Re7 25. Be2 Ng7 26. Bxg7 Kxg7 27. Bf3 Kh6 28. Re3 Rae8 29. Rge1 Kg7 30. Bd1 f5 31. e5 dxe5 32. Rxe5 Kf6 33. Rxe7 Rxe7 34. Rxe7 Kxe7 35. Ke3 Kd6 36. Kd4 Be8 37. Bc2 Bd7 38. Bd1 a6 39. a4 a5 40. Bc2 Bc8 41. Bd1 Bb7 42. Bc2 Bc8 43. Bd1 Bd7 44. Bb3 c6 45. Bc2 c5+ 46. Ke3 Ke7 47. Kf3 Kf6 48. Kg3 h6 49. Bd1 g5 50. hxg5+ hxg5 51. Bc2 Be8 52. Bd1 Kg6 53. Bc2 Bf7 54. Bd3 Kf6 55. Be2 Bg6 56. Bf3 Be8 57. Bd1 Bd7 58. Bc2 Kg6 59. Bd1 Bc8 60. Bf3 Kf6 61. Bd1 Bd7 62. Bc2 Be8 63. Bd1 Bg6 64. Bf3 Bf7 65. Be2 Kg6 66. Bd3 Be8 67. Bc2 Kf6 1/2-1/2

[Event "69th RUS-ch Women Higher League 2019"]
[Site "Yaroslavl"]
[Date "2019.07.05"]
[Round "8.6"]
[White "Potapova, Margarita"]
[Black "Goltseva, Ekaterina"]
[Result "1-0"]
[ECO "D38"]
[WhiteElo "2256"]
[BlackElo "2304"]
[Annotator "NA"]
[PlyCount "83"]
[EventDate "2019.06.27"]
[EventType "swiss"]
[EventCountry "RUS"]
[SourceTitle "playchess.com"]
[Source "ChessBase"]
[SourceQuality "1"]
[TimeControl "40/5400+30:1800+30"]

1. d4 Nf6 2. c4 e6 3. Nf3 d5 4. Nc3 Bb4 5. cxd5 exd5 6. Bg5 h6 7. Bh4 O-O 8. e3 c5 9. Bd3 g5 10. Bg3 Ne4 11. O-O Bf5 12. dxc5 Nc6 13. Nd4 Bxc3 14. Nxf5 Bg7 15. Nxg7 Kxg7 16. Bxe4 dxe4 17. Bd6 Re8 18. b4 Qf6 19. b5 Ne5 20. Qd5 b6 21. Qxe4 bxc5 22. Bxc5 Nd7 23. Qd4 Nxc5 24. Qxc5 Re5 25. Qc4 Rd8 26. Rad1 Kg8 27. a4 Qe7 28. h3 Rb8 29. Rd4 Rc5 30. Qd3 Rc7 31. Rd1 Qe5 32. Rd5 Qe7 33. Rd8+ Rxd8 34. Qxd8+ Kg7 35. Qxe7 Rxe7 36. Rd6 f6 37. Kh2 Kg6 38. g4 Kf7 39. Kg3 Rc7 40. Kf3 Ke7 41. Ra6 Kf7 42. Ke4 1-0

[Event "69th RUS-ch Women Higher League 2019"]
[Site "Yaroslavl"]
[Date "2019.07.05"]
[Round "8.7"]
[White "Gritsayeva, Oksana"]
[Black "Lysenko, Margarita"]
[Result "1-0"]
[ECO "B23"]
[WhiteElo "2381"]
[BlackElo "2224"]
[Annotator "NA"]
[PlyCount "63"]
[EventDate "2019.06.27"]
[EventType "swiss"]
[EventCountry "RUS"]
[SourceTitle "playchess.com"]
[Source "ChessBase"]
[SourceQuality "1"]
[TimeControl "40/5400+30:1800+30"]

1. e4 c5 2. Nc3 d6 3. f4 Nc6 4. Nf3 g6 5. Bb5 Bg7 6. Bxc6+ bxc6 7. d3 Nh6 8. O-O f5 9. e5 O-O 10. Qe2 Rb8 11. b3 Nf7 12. Kh1 Qa5 13. Bd2 Qc7 14. Rae1 Ba6 15. h3 Qc8 16. Qf2 Rb7 17. Re2 Nd8 18. Rfe1 d5 19. Qxc5 Ne6 20. Qf2 Rd7 21. Nd4 Nxd4 22. Qxd4 c5 23. Qf2 Qc6 24. Na4 c4 25. Nc5 Rc7 26. Be3 Rfc8 27. dxc4 dxc4 28. Rd2 Qb5 29. a4 Qa5 30. b4 Qb6 31. b5 Bb7 32. Na6 1-0

[Event "69th RUS-ch Women Higher League 2019"]
[Site "Yaroslavl"]
[Date "2019.07.05"]
[Round "8.8"]
[White "Kabanova, Ekaterina"]
[Black "Bodnaruk, Anastasia"]
[Result "0-1"]
[ECO "E71"]
[WhiteElo "2099"]
[BlackElo "2440"]
[Annotator "NA"]
[PlyCount "80"]
[EventDate "2019.06.27"]
[EventType "swiss"]
[EventCountry "RUS"]
[SourceTitle "playchess.com"]
[Source "ChessBase"]
[SourceQuality "1"]
[TimeControl "40/5400+30:1800+30"]

1. d4 Nf6 2. c4 g6 3. Nc3 Bg7 4. e4 d6 5. h3 O-O 6. Be3 e5 7. d5 Na6 8. g4 c6 9. Nge2 cxd5 10. cxd5 h5 11. g5 Nh7 12. Rg1 Bd7 13. Ng3 h4 14. Nge2 b5 15. Nc1 b4 16. Bxa6 bxc3 17. bxc3 Qa5 18. Qd3 Rab8 19. Ne2 Qa3 20. Bc1 Qa4 21. Be3 Rb2 22. f3 Bxh3 23. Qc4 Qa5 24. Qc6 Bd7 25. Qxd6 Rd8 26. Bd3 Bb5 27. Qc5 Bf8 28. Qxa7 Qxa7 29. Bxa7 Bxd3 30. Nc1 Ba6 31. Be3 Rc8 32. Bd2 Bc5 33. Rg4 Bf2+ 34. Kxf2 Rxd2+ 35. Ke1 Rh2 36. f4 Rxc3 37. d6 Nf8 38. fxe5 Rg3 39. Rxg3 hxg3 40. a4 Rh1+ 0-1

[Event "69th RUS-ch Women Higher League 2019"]
[Site "Yaroslavl"]
[Date "2019.07.05"]
[Round "8.9"]
[White "Bivol, Alina"]
[Black "Voit, Daria"]
[Result "1/2-1/2"]
[ECO "A20"]
[WhiteElo "2391"]
[BlackElo "2339"]
[Annotator "NA"]
[PlyCount "111"]
[EventDate "2019.06.27"]
[EventType "swiss"]
[EventCountry "RUS"]
[SourceTitle "playchess.com"]
[Source "ChessBase"]
[SourceQuality "1"]
[TimeControl "40/5400+30:1800+30"]

1. c4 e5 2. g3 Nf6 3. Bg2 c6 4. Nf3 e4 5. Nd4 Qb6 6. e3 d5 7. Nc3 Bb4 8. cxd5 cxd5 9. Qb3 Bxc3 10. bxc3 Nc6 11. Ba3 Qxb3 12. axb3 Nxd4 13. exd4 Bd7 14. O-O Be6 15. Rfc1 Kd7 16. Bf1 a6 17. c4 Rhc8 18. d3 g6 19. Ra2 exd3 20. Bxd3 Ne8 21. Kg2 Nc7 22. Re2 b5 23. cxb5 Nxb5 24. Rxc8 Rxc8 25. Bc5 Kc6 26. h3 Re8 27. g4 Bd7 28. Rxe8 Bxe8 29. Kg3 Kd7 30. Kf4 f6 31. h4 Ke6 32. h5 Kf7 33. g5 Nc7 34. hxg6+ hxg6 35. gxf6 Kxf6 36. Bd6 Ne6+ 37. Ke3 Bb5 38. Be5+ Kf7 39. Bc2 Ng5 40. Bd1 Bf1 41. Bg4 Bb5 42. Bd1 Bf1 43. Bf4 Ne6 44. Bf3 Nxf4 45. Kxf4 Ke6 46. Kg5 Bd3 47. Bg4+ Kd6 48. b4 Kc6 49. Be6 Kb5 50. Bxd5 Kxb4 51. Kf6 a5 52. Ba2 a4 53. d5 Kc5 54. Ke7 a3 55. d6 Bb5 56. d7 1/2-1/2